 Dungeon Crawl Stone Soup version 0.29.0-4-gdea44cf6ec (webtiles) character file.

Game seed: 15069445715830209380

13267 qw the Severer (level 11, -1/102 HPs)
             Began as a Minotaur Fighter on Sept 8, 2022.
             Was a Believer of Ru.
             Slain by an elephant (14 damage)
             ... on level 1 of the Lair of Beasts.
             The game lasted 00:04:56 (13397 turns).

qw the Severer (Minotaur Fighter)                  Turns: 13397, Time: 00:04:57

Health: -1/102     AC: 14    Str: 30    XL:     11   Next: 73%
Magic:  10/10      EV:  9    Int:  5    God:    Ru [**....]
Gold:   107        SH: 10    Dex:  8    Spells: 10/10 levels left

rFire   . . .      SeeInvis +   Y - +3 war axe
rCold   + + .      Faith    .   c - +0 buckler
rNeg    . . .      Spirit   .   i - +0 chain mail
rPois   .          Reflect  +   (helmet restricted)
rElec   .          Harm     .   h - +2 cloak
rCorr   +          Rampage  .   (no gloves)
Will    .....                   (no boots)
Stlth   ..........              j - amulet of reflection
HPRegen 0.27/turn               k - +6 ring of strength
MPRegen 0.12/turn               o - ring of Poaqoopi {rC++ rCorr Dex-3 SInv Stlth+}

@: about to teleport
A: horns 2, inability to use devices, retaliatory headbutt
a: Renounce Religion


You were on level 1 of the Lair of Beasts.
You worshipped Ru.
Ru was pleased with you.
You visited 3 branches of the dungeon, and saw 13 of its levels.

You collected 678 gold pieces.
You spent 571 gold pieces at shops.


Innate Abilities, Weirdness & Mutations

You have a pair of horns on your head.
You cannot study or use magical devices.
You reflexively headbutt those who attack you in melee.


   Skills:
 - Level 11.1 Fighting
 - Level 17.1 Axes
 - Level 2.0 Throwing
 + Level 7.6 Armour
 - Level 3.2 Dodging
 - Level 7.3 Shields


You had 10 spell levels left.
You didn't know any spells.
Your spell library was empty.

Inventory:

Hand Weapons
 f - a +0 morningstar
 Y - a +3 war axe (weapon)
Missiles
 e - a boomerang (quivered)
Armour
 c - a +0 buckler (worn)
 h - a +2 cloak (worn)
 i - a +0 chain mail (worn)
Jewellery
 j - an amulet of reflection (around neck)
 k - a +6 ring of strength (left hand)
 o - the ring of Poaqoopi (right hand) {rC++ rCorr Dex-3 SInv Stlth+}
   (You bought it in a shop on level 10 of the Dungeon)

   [ring of see invisible]

   Dex:       It affects your dexterity (-3).
   rC:        It greatly protects you from cold.
   SInv:      It lets you see invisible.
   rCorr:     It protects you from acid and corrosion.
   Stlth:     It makes you more stealthy.
Scrolls
 p - 6 scrolls of identify
 r - 3 scrolls of enchant armour
 t - 4 scrolls of teleportation
Potions
 b - 3 potions of haste
 d - 5 potions of might
 g - a potion of resistance
 l - a potion of cancellation
 m - 2 potions of curing
 q - 2 potions of heal wounds

Dungeon Overview and Level Annotations

Branches:
Dungeon (11/15)            Temple (1/1) D:4            Lair (1/5) D:9
    Orc (0/2) D:9

Altars:
Ashenzari
Cheibriados
Dithmenos
Elyvilon
Fedhas
Gozag
Hepliaklqana
Kikubaaqudgha
Makhleb
Nemelex Xobeh
Okawaru
Qazlal
Ru
Sif Muna
Trog
Uskayaw
Vehumet
Wu Jian
Xom
Yredelemnul
Zin
The Shining One

Shops:
D:10 ?*==(

Annotations:
D:6 2 transporters
D:9 1 runed translucent door, qw's ghost, novice MiFi


Message History

A blink frog comes into view.
You block the elephant's attack.
The elephant trunk-slaps you but does no damage.
The elephant tramples you.
You stumble backwards!
The elephant closely misses you. The elephant barely misses you.
You slash the elephant!
You kill the elephant!
You hit the elephant. You slash the elephant! The elephant closely misses you.
You furiously retaliate!
You headbutt the elephant! You block the elephant's attack.
The elephant tramples you.
You hold your ground!
The elephant trunk-slaps you.
The blink frog blinks!
You hit the elephant but do no damage. You headbutt the elephant.
The elephant is moderately wounded.
You hit the elephant. You slash the elephant! You headbutt the elephant.
The elephant is severely wounded.
You hit the elephant.
The blink frog begins to attack, but is stunned by your conviction!
The elephant tramples you.
You hold your ground!
The elephant trunk-slaps you but does no damage.
You block the elephant's attack. The elephant trunk-slaps you.
You hit the elephant but do no damage.
The elephant is severely wounded.
You hit the elephant but do no damage. You block the elephant's attack.
The elephant trunk-slaps you but does no damage.
The elephant tramples you!
You hold your ground!
The elephant trunk-slaps you but does no damage.
You slash the elephant! You headbutt the elephant!
The elephant is almost dead.
You barely miss the elephant. You block the elephant's attack.
The elephant trunk-slaps you. The elephant tramples you!
You hold your ground!
The elephant misses you.
13397 ||| READING 5 scrolls of teleportation.
As you read the scroll of teleportation, it crumbles to dust.
You feel strangely unstable. The blink frog hits you.
The blink frog blinks!
You block the elephant's attack. x2
The elephant tramples you!
You die...

.... .... .....
.... ...
##.######
#....Y..#
..#...<@).#
#......¤Y%.+
#..#.......P..#
#.......F..#..#
#..#..F....#..#
....#P..#### .#
......... #
........ ......


You could see 2 elephants and 2 blink frogs.

Vanquished Creatures
  3 two-headed ogres (D:10)
  Pikel (D:6)
  2 cyclopes
  2 manticores (D:11)
  3 elephants (Lair:1)
  A cane toad (Lair:1)
  Maggie (D:9)
  A komodo dragon (Lair:1)
  2 trolls
  2 shadows (D:9)
  2 wraiths
  A wyvern (D:11)
  9 yaks
  2 steam dragons
  2 vampire mosquitoes (D:10)
  Menkaure (D:6)
  Edmund (D:4)
  A two-headed ogre zombie (D:9)
  A water moccasin (D:6)
  3 orc warriors
  2 ice beasts
  2 sky beasts (D:7)
  A phantom (D:5)
  2 centaurs
  2 lemures (D:6)
  3 kobold brigands
  4 bullfrogs
  2 gnoll sergeants
  4 scorpions
  A necrophage (D:7)
  2 troll zombies (D:9)
  6 howler monkeys
  15 killer bees
  5 jellies
  3 hounds
  5 orc priests
  2 gnoll boudas
  2 iguanas (D:7)
  9 orc wizards
  5 ogre zombies (D:9)
  9 adders
  12 gnolls
  A shadow imp (D:7)
  2 white imps
  4 ufetubi
  2 worms (D:2)
  4 dart slugs
  33 orcs
  2 bats
  3 endoplasms
  8 goblins
  4 hobgoblins
  10 jackals
  18 kobolds
  A quokka (D:1)
  8 ball pythons
  3 frilled lizards
  2 goblin skeletons (D:9)
  3 goblin zombies (D:9)
  A hobgoblin skeleton (D:9)
  A hobgoblin zombie (D:9)
  2 orc skeletons (D:9)
  16 orc zombies (D:9)
  3 rats
270 creatures vanquished.

Vanquished Creatures (others)
  An elephant (Lair:1)
  7 fungi (D:9)
  14 plants
22 creatures vanquished.

Grand Total: 292 creatures vanquished

Notes
Turn   | Place    | Note
-------+----------+-------------------------------------------
     0 | D:1      | qw the Minotaur Fighter began the quest for the Orb.
     0 | D:1      | Reached XP level 1. HP: 19/19 MP: 0/0
     0 | D:1      | 0 ||| qw: Version: 0.1-a-111-g1c1fd2e
     0 | D:1      | 0 ||| qw: Game counter: 6593
     0 | D:1      | 0 ||| qw: Always use a shield: true
     0 | D:1      | 0 ||| qw: God list: Ru
     0 | D:1      | 0 ||| qw: Allow faded altars: false
     0 | D:1      | 0 ||| qw: Do Orc after D:15 true
     0 | D:1      | 0 ||| qw: Do second Lair branch before Depths: true
     0 | D:1      | 0 ||| qw: Lair rune preference: random
     0 | D:1      | 0 ||| qw: Plans: Normal
     0 | D:1      | 0 ||| PLANNING D:1-11
    10 | D:1      | Noticed a bullfrog
    70 | D:1      | 70 ||| Stepping ~*~*~tactically~*~*~ (stealth).
    72 | D:1      | Reached skill level 3 in Axes
    75 | D:1      | 75 ||| Stepping ~*~*~tactically~*~*~ (hiding).
    85 | D:1      | 85 ||| Stepping ~*~*~tactically~*~*~ (stealth).
   100 | D:1      | Reached XP level 2. HP: 15/26 MP: 1/1
   103 | D:1      | 103 ||| Stepping ~*~*~tactically~*~*~ (stealth).
   109 | D:1      | 109 ||| Stepping ~*~*~tactically~*~*~ (stealth).
   233 | D:1      | 233 ||| DROPPING +0 club.
   379 | D:1      | 379 ||| Stepping ~*~*~tactically~*~*~ (hiding).
   598 | D:1      | Found a faded altar of an unknown god.
   599 | D:1      | 599 ||| Stepping ~*~*~tactically~*~*~ (stealth).
   611 | D:1      | Reached skill level 4 in Axes
   731 | D:1      | 731 ||| Stepping ~*~*~tactically~*~*~ (hiding).
   845 | D:1      | 845 ||| DROPPING +0 whip.
   965 | D:1      | Reached XP level 3. HP: 31/31 MP: 2/2
  1382 | D:1      | 1382 ||| UPGRADING to +6 ring of strength.
  1383 | D:1      | 1383 ||| DROPPING ring of wizardry.
  1384 | D:1      | 1384 ||| READING 2 scrolls labelled YHEOMM ARCHULI.
  1385 | D:1      | 1385 ||| READING scroll labelled BUFUARPHUYD.
  1386 | D:1      | 1386 ||| READING scroll labelled WINEIS TARUOH.
  1387 | D:1      | 1387 ||| READING scroll labelled GOEDEU CETE.
  1388 | D:1      | 1388 ||| READING scroll labelled CIGIOH WAPN.
  1389 | D:1      | 1389 ||| READING scroll labelled BUREARE NOTI.
  1390 | D:1      | 1390 ||| DRINKING 4 golden potions.
  1391 | D:1      | 1391 ||| DROPPING 3 potions of attraction.
  1406 | D:2      | 1406 ||| Stepping ~*~*~tactically~*~*~ (hiding).
  1593 | D:2      | Reached skill level 5 in Axes
  1593 | D:2      | Reached XP level 4. HP: 36/39 MP: 3/3
  1776 | D:2      | 1776 ||| Stepping ~*~*~tactically~*~*~ (stealth).
  1779 | D:2      | 1779 ||| Stepping ~*~*~tactically~*~*~ (stealth).
  1780 | D:2      | 1780 ||| Stepping ~*~*~tactically~*~*~ (stealth).
  1958 | D:2      | Reached skill level 1 in Dodging
  2301 | D:2      | 2301 ||| UPGRADING to +0 chain mail.
  2311 | D:2      | 2311 ||| DROPPING +0 scale mail.
  2312 | D:2      | 2312 ||| UPGRADING to amulet of guardian spirit.
  2317 | D:2      | 2317 ||| READING scroll labelled FIOSHI LYASCH.
  2318 | D:2      | 2318 ||| READING scroll labelled QONOPA ROYP.
  2319 | D:2      | 2319 ||| DRINKING 2 grey potions.
  2363 | D:2      | 2363 ||| DRINKING 2 ruby potions.
  2364 | D:2      | 2364 ||| DROPPING potion of lignification.
  2446 | D:3      | 2446 ||| Stepping ~*~*~tactically~*~*~ (stealth).
  2610 | D:3      | Noticed an ice beast
  2622 | D:3      | Killed an ice beast
  2623 | D:3      | Reached skill level 6 in Axes
  2623 | D:3      | Reached XP level 5. HP: 33/45 MP: 2/4
  2957 | D:3      | 2957 ||| Stepping ~*~*~tactically~*~*~ (hiding).
  2959 | D:3      | 2959 ||| Stepping ~*~*~tactically~*~*~ (hiding).
  2961 | D:3      | 2961 ||| Stepping ~*~*~tactically~*~*~ (hiding).
  2962 | D:3      | 2962 ||| Stepping ~*~*~tactically~*~*~ (hiding).
  3062 | D:3      | Found a blossoming altar of Fedhas.
  3062 | D:3      | Found a shimmering altar of Xom.
  3218 | D:3      | 3218 ||| READING scroll labelled TAREKOTUCA.
  3219 | D:3      | 3219 ||| DRINKING 2 bubbling amethyst potions.
  3330 | D:4      | Reached skill level 7 in Axes
  3330 | D:4      | Reached XP level 6. HP: 50/51 MP: 5/5
  3348 | D:4      | 3348 ||| Stepping ~*~*~tactically~*~*~ (hiding).
  3349 | D:4      | 3349 ||| Stepping ~*~*~tactically~*~*~ (hiding).
  3426 | D:4      | Found a basalt altar of Yredelemnul.
  3445 | D:4      | 3445 ||| Stepping ~*~*~tactically~*~*~ (hiding).
  3453 | D:4      | 3453 ||| Stepping ~*~*~tactically~*~*~ (stealth).
  3646 | D:4      | Found a staircase to the Ecumenical Temple.
  3647 | D:4      | 3647 ||| PLANNING TEMPLE
  3647 | D:4      | 3647 ||| UPGRADING to +0 cloak.
  3652 | D:4      | 3652 ||| READING scroll of enchant armour.
  3652 | D:4      | 3652 ||| ENCHANTING +0 cloak.
  3653 | D:4      | 3653 ||| READING scroll labelled BIUDAUHUUR.
  3653 | D:4      | Identified a scroll of acquirement
  3653 | D:4      | 3653 ||| ACQUIRING amulet "Lowev" {+Inv Regen+ Str-4 Int+6
                  | Dex+3}
  3653 | D:4      | Acquired the amulet "Lowev" {+Inv Regen+ Str-4 Int+6 Dex+3}
  3655 | D:4      | 3655 ||| DRINKING 2 metallic grey potions.
  3656 | D:4      | 3656 ||| DRINKING 3 fuming puce potions.
  3657 | D:4      | 3657 ||| DROPPING potion of flight.
  3664 | Temple   | Entered the Ecumenical Temple
  3664 | Temple   | Found a transporter.
  3664 | Temple   | Found a transporter.
  3666 | Temple   | Found a transporter.
  3666 | Temple   | Found a transporter.
  3676 | Temple   | 3676 ||| PLANNING D:1-11
  3746 | Temple   | Became a worshipper of Ru the Awakened
  3829 | D:4      | Noticed Edmund
  3833 | D:4      | Killed Edmund
  3834 | D:4      | Reached skill level 8 in Axes
  3925 | D:4      | Reached XP level 7. HP: 59/59 MP: 6/6
  3926 | D:4      | 3926 ||| Stepping ~*~*~tactically~*~*~ (hiding).
  3929 | D:4      | 3929 ||| Stepping ~*~*~tactically~*~*~ (hiding).
  3966 | D:4      | 3966 ||| Stepping ~*~*~tactically~*~*~ (stealth).
  3990 | D:4      | 3990 ||| READING scroll of enchant armour.
  3990 | D:4      | 3990 ||| ENCHANTING +1 cloak.
  4001 | D:4      | Reached skill level 9 in Axes
  4182 | D:4      | 4182 ||| DRINKING 2 white potions.
  4183 | D:4      | 4183 ||| DROPPING potion of magic.
  4205 | D:5      | Entered Level 5 of the Dungeon
  4206 | D:5      | 4206 ||| PLANNING SEWER
  4215 | D:5      | 4215 ||| Stepping ~*~*~tactically~*~*~ (stealth).
  4253 | D:5      | 4253 ||| DROPPING +0 flail of holy wrath.
  4303 | D:5      | Noticed a yak
  4303 | D:5      | Noticed a yak
  4303 | D:5      | Noticed a yak
  4304 | D:5      | 4304 ||| Stepping ~*~*~tactically~*~*~ (stealth).
  4305 | D:5      | Noticed a yak
  4305 | D:5      | Noticed a yak
  4313 | D:5      | Killed a yak
  4321 | D:5      | Killed a yak
  4322 | D:5      | Reached skill level 10 in Axes
  4327 | D:5      | Killed a yak
  4328 | D:5      | Reached skill level 3 in Dodging
  4328 | D:5      | Reached XP level 8. HP: 41/69 MP: 5/7
  4335 | D:5      | Reached skill level 6 in Fighting
  4336 | D:5      | HP: 15/71 [yak (6)]
  4337 | D:5      | 4337 ||| DRINKING 3 potions of heal wounds.
  4564 | D:5      | 4564 ||| Stepping ~*~*~tactically~*~*~ (hiding).
  4573 | D:5      | Reached skill level 11 in Axes
  4646 | D:5      | 4646 ||| Stepping ~*~*~tactically~*~*~ (stealth).
  4675 | D:5      | 4675 ||| Stepping ~*~*~tactically~*~*~ (stealth).
  4719 | D:5      | Found a stormy altar of Qazlal.
  4836 | D:5      | 4836 ||| Stepping ~*~*~tactically~*~*~ (stealth).
  4883 | D:5      | 4883 ||| RIP SEWER
  4959 | D:5      | 4959 ||| PLANNING D:1-11
  5134 | D:5      | 5134 ||| READING scroll labelled RUBLOUFAINT.
  5135 | D:5      | 5135 ||| READING scroll labelled GIFOKI ZOISH.
  5136 | D:5      | 5136 ||| READING 2 scrolls labelled TOTOGO FEON.
  5139 | D:5      | 5139 ||| READING 2 scrolls of identify.
  5139 | D:5      | 5139 ||| IDENTIFYING blue potion
  5196 | D:6      | 5196 ||| FLEEEEING.
  5197 | D:6      | 5197 ||| FLEEEEING.
  5203 | D:6      | 5203 ||| FLEEEEING.
  5284 | D:6      | 5284 ||| FLEEEEING.
  5337 | D:6      | 5337 ||| FLEEEEING.
  5338 | D:6      | 5338 ||| FLEEEEING.
  5344 | D:6      | 5344 ||| STAIRDANCE
  5466 | D:6      | 5466 ||| INVOKING Sacrifice Artifice.
  5466 | D:6      | Gained mutation: You cannot study or use magical devices.
                  | [Ru sacrifice]
  5466 | D:6      | Reached * piety under Ru
  5466 | D:6      | Reached ** piety under Ru
  5470 | D:6      | 5470 ||| Stepping ~*~*~tactically~*~*~ (stealth).
  5472 | D:6      | 5472 ||| Stepping ~*~*~tactically~*~*~ (stealth).
  5477 | D:6      | Reached skill level 12 in Axes
  5477 | D:6      | Reached XP level 9. HP: 75/77 MP: 8/8
  5500 | D:6      | 5500 ||| FLEEEEING.
  5509 | D:6      | 5509 ||| STAIRDANCE
  5636 | D:5      | 5636 ||| READING 2 scrolls of identify.
  5636 | D:5      | 5636 ||| IDENTIFYING fuming cyan potion
  5637 | D:5      | 5637 ||| DROPPING potion of degeneration.
  5744 | D:6      | Found a transporter.
  5757 | D:6      | Noticed a kobold demonologist
  5779 | D:6      | Found a transporter.
  5781 | D:6      | Noticed Menkaure
  5785 | D:6      | Killed Menkaure
  5881 | D:6      | Noticed a kobold demonologist
  6096 | D:7      | 6096 ||| STAIRDANCE
  6110 | D:7      | 6110 ||| STAIRDANCE
  6136 | D:7      | Noticed Pikel
  6137 | D:7      | 6137 ||| STAIRDANCE
  6153 | D:7      | 6153 ||| STAIRDANCE
  6162 | D:6      | Killed Pikel
  6163 | D:6      | Reached skill level 13 in Axes
  6308 | D:7      | 6308 ||| Stepping ~*~*~tactically~*~*~ (stealth).
  6365 | D:7      | 6365 ||| Stepping ~*~*~tactically~*~*~ (stealth).
  6366 | D:7      | 6366 ||| Stepping ~*~*~tactically~*~*~ (stealth).
  6419 | D:7      | 6419 ||| Stepping ~*~*~tactically~*~*~ (hiding).
  6799 | D:7      | Found a shadowy altar of Dithmenos.
  6914 | D:7      | 6914 ||| Stepping ~*~*~tactically~*~*~ (hiding).
  6963 | D:7      | Reached skill level 1 in Throwing
  7113 | D:7      | 7113 ||| Stepping ~*~*~tactically~*~*~ (stealth).
  7115 | D:7      | 7115 ||| Stepping ~*~*~tactically~*~*~ (hiding).
  7116 | D:7      | 7116 ||| Stepping ~*~*~tactically~*~*~ (hiding).
  7117 | D:7      | 7117 ||| Stepping ~*~*~tactically~*~*~ (hiding).
  7354 | D:7      | Reached skill level 14 in Axes
  7563 | D:7      | 7563 ||| READING 2 scrolls of identify.
  7563 | D:7      | 7563 ||| IDENTIFYING viscous amethyst potion
  7564 | D:7      | 7564 ||| DROPPING potion of ambrosia.
  7608 | D:8      | 7608 ||| Stepping ~*~*~tactically~*~*~ (stealth).
  7609 | D:8      | 7609 ||| Stepping ~*~*~tactically~*~*~ (stealth).
  7615 | D:8      | 7615 ||| Stepping ~*~*~tactically~*~*~ (stealth).
  7616 | D:8      | 7616 ||| Stepping ~*~*~tactically~*~*~ (stealth).
  7639 | D:8      | 7639 ||| Stepping ~*~*~tactically~*~*~ (hiding).
  7640 | D:8      | 7640 ||| Stepping ~*~*~tactically~*~*~ (hiding).
  7651 | D:8      | Reached XP level 10. HP: 68/88 MP: 6/9
  7882 | D:8      | 7882 ||| Stepping ~*~*~tactically~*~*~ (hiding).
  7913 | D:8      | 7913 ||| Stepping ~*~*~tactically~*~*~ (stealth).
  7932 | D:8      | 7932 ||| Stepping ~*~*~tactically~*~*~ (stealth).
  7933 | D:8      | 7933 ||| Stepping ~*~*~tactically~*~*~ (stealth).
  7956 | D:8      | 7956 ||| Stepping ~*~*~tactically~*~*~ (hiding).
  7957 | D:8      | 7957 ||| Stepping ~*~*~tactically~*~*~ (hiding).
  8031 | D:8      | 8031 ||| Stepping ~*~*~tactically~*~*~ (stealth).
  8040 | D:8      | 8040 ||| READING scroll of enchant weapon.
  8040 | D:8      | 8040 ||| ENCHANTING +1 war axe.
  8174 | D:8      | 8174 ||| FLEEEEING.
  8175 | D:8      | 8175 ||| FLEEEEING.
  8176 | D:8      | 8176 ||| FLEEEEING.
  8177 | D:8      | 8177 ||| FLEEEEING.
  8178 | D:8      | 8178 ||| FLEEEEING.
  8179 | D:8      | 8179 ||| FLEEEEING.
  8180 | D:8      | 8180 ||| FLEEEEING.
  8182 | D:8      | 8182 ||| FLEEEEING.
  8183 | D:8      | 8183 ||| FLEEEEING.
  8184 | D:8      | 8184 ||| FLEEEEING.
  8185 | D:8      | 8185 ||| FLEEEEING.
  8186 | D:8      | 8186 ||| FLEEEEING.
  8187 | D:8      | 8187 ||| FLEEEEING.
  8191 | D:8      | 8191 ||| FLEEEEING.
  8192 | D:8      | 8192 ||| FLEEEEING.
  8193 | D:8      | 8193 ||| FLEEEEING.
  8194 | D:8      | 8194 ||| FLEEEEING.
  8195 | D:8      | 8195 ||| FLEEEEING.
  8200 | D:8      | 8200 ||| FLEEEEING.
  8215 | D:8      | 8215 ||| FLEEEEING.
  8216 | D:8      | 8216 ||| STAIRDANCE
  8371 | D:8      | 8371 ||| STAIRDANCE
  8393 | D:8      | 8393 ||| STAIRDANCE
  8403 | D:8      | 8403 ||| STAIRDANCE
  8492 | D:8      | 8492 ||| INVOKING Reject Sacrifices.
  8776 | D:8      | Found a burning altar of Makhleb.
  8942 | D:8      | Found an ancient bone altar of Kikubaaqudgha.
  8952 | D:8      | 8952 ||| Stepping ~*~*~tactically~*~*~ (hiding).
  9416 | D:8      | 9416 ||| READING scroll labelled TOERUICYBUD.
  9417 | D:8      | 9417 ||| READING 2 scrolls of identify.
  9417 | D:8      | 9417 ||| IDENTIFYING puce potion
  9418 | D:8      | 9418 ||| READING 6 scrolls of teleportation.
  9658 | D:9      | Reached skill level 15 in Axes
  9669 | D:9      | 9669 ||| Stepping ~*~*~tactically~*~*~ (stealth).
  9679 | D:9      | 9679 ||| FLEEEEING.
  9680 | D:9      | 9680 ||| FLEEEEING.
  9681 | D:9      | 9681 ||| FLEEEEING.
  9682 | D:9      | 9682 ||| FLEEEEING.
  9683 | D:9      | 9683 ||| STAIRDANCE
  9760 | D:8      | 9760 ||| READING scroll labelled ANKOYLYFASM.
  9764 | D:9      | 9764 ||| STAIRDANCE
  9801 | D:9      | 9801 ||| STAIRDANCE
  9836 | D:9      | 9836 ||| STAIRDANCE
  9920 | D:9      | Noticed Maggie
  9933 | D:9      | Killed Maggie
  9934 | D:9      | Reached skill level 9 in Fighting
  9950 | D:9      | 9950 ||| DROPPING +0 flail.
 10016 | D:9      | 10016 ||| Stepping ~*~*~tactically~*~*~ (stealth).
 10174 | D:9      | Found a staircase to the Orcish Mines.
 10181 | D:9      | Reached skill level 6 in Armour
 10584 | D:9      | Found a hide-covered altar of Uskayaw.
 10609 | D:9      | Identified the +4 trident "Joisutz" {freeze, rC- rN++
                  | Dex+6}
 10611 | D:9      | Found a runed translucent door.
 10611 | D:9      | Noticed qw's ghost (novice MiFi)
 10732 | D:9      | Found a staircase to the Lair.
 10822 | D:10     | Entered Level 10 of the Dungeon
 10822 | D:10     | Found Qonah's Weapon Shop.
 10832 | D:10     | 10832 ||| Stepping ~*~*~tactically~*~*~ (stealth).
 10835 | D:10     | 10835 ||| Stepping ~*~*~tactically~*~*~ (stealth).
 10913 | D:10     | Noticed a two-headed ogre
 10920 | D:10     | Killed a two-headed ogre
 10921 | D:10     | Reached skill level 16 in Axes
 10922 | D:10     | 10922 ||| FLEEEEING.
 10923 | D:10     | 10923 ||| FLEEEEING.
 10924 | D:10     | 10924 ||| FLEEEEING.
 10925 | D:10     | 10925 ||| FLEEEEING.
 10926 | D:10     | 10926 ||| FLEEEEING.
 10927 | D:10     | 10927 ||| FLEEEEING.
 10928 | D:10     | 10928 ||| FLEEEEING.
 10929 | D:10     | 10929 ||| FLEEEEING.
 10930 | D:10     | 10930 ||| FLEEEEING.
 10931 | D:10     | 10931 ||| FLEEEEING.
 10932 | D:10     | 10932 ||| FLEEEEING.
 10933 | D:10     | 10933 ||| STAIRDANCE
 11113 | D:10     | 11113 ||| STAIRDANCE
 11187 | D:10     | Found Burehuc's Jewellery Shop.
 11197 | D:10     | 11197 ||| BUYING ring of Poaqoopi {rC++ rCorr Dex-3 SInv
                  | Stlth+} (499 gold).
 11197 | D:10     | Bought the ring of Poaqoopi {rC++ rCorr Dex-3 SInv Stlth+}
                  | for 499 gold pieces
 11197 | D:10     | 11197 ||| SHOPLISTING ring of positive energy (240 gold,
                  | have 76).
 11197 | D:10     | 11197 ||| SHOPLISTING ring of willpower (300 gold, have
                  | 76).
 11219 | D:10     | Noticed a two-headed ogre
 11225 | D:10     | Killed a two-headed ogre
 11226 | D:10     | Reached skill level 6 in Shields
 11317 | D:10     | 11317 ||| READING scroll of enchant weapon.
 11317 | D:10     | 11317 ||| ENCHANTING +2 war axe.
 11334 | D:10     | Reached XP level 11. HP: 88/97 MP: 8/10
 11337 | D:10     | 11337 ||| Stepping ~*~*~tactically~*~*~ (stealth).
 11351 | D:10     | Noticed a two-headed ogre
 11357 | D:10     | Killed a two-headed ogre
 11362 | D:10     | 11362 ||| Stepping ~*~*~tactically~*~*~ (hiding).
 11367 | D:10     | 11367 ||| FLEEEEING.
 11369 | D:10     | 11369 ||| Stepping ~*~*~tactically~*~*~ (stealth).
 11372 | D:10     | 11372 ||| FLEEEEING.
 11373 | D:10     | 11373 ||| FLEEEEING.
 11374 | D:10     | 11374 ||| FLEEEEING.
 11375 | D:10     | 11375 ||| FLEEEEING.
 11376 | D:10     | 11376 ||| FLEEEEING.
 11377 | D:10     | 11377 ||| FLEEEEING.
 11378 | D:10     | 11378 ||| FLEEEEING.
 11379 | D:10     | 11379 ||| FLEEEEING.
 11380 | D:10     | 11380 ||| FLEEEEING.
 11381 | D:10     | 11381 ||| FLEEEEING.
 11382 | D:10     | 11382 ||| FLEEEEING.
 11383 | D:10     | 11383 ||| FLEEEEING.
 11384 | D:10     | 11384 ||| FLEEEEING.
 11385 | D:10     | 11385 ||| FLEEEEING.
 11386 | D:10     | 11386 ||| FLEEEEING.
 11387 | D:10     | 11387 ||| FLEEEEING.
 11388 | D:10     | 11388 ||| FLEEEEING.
 11389 | D:10     | 11389 ||| FLEEEEING.
 11390 | D:10     | 11390 ||| FLEEEEING.
 11391 | D:10     | 11391 ||| FLEEEEING.
 11392 | D:10     | 11392 ||| FLEEEEING.
 11393 | D:10     | 11393 ||| FLEEEEING.
 11394 | D:10     | 11394 ||| FLEEEEING.
 11395 | D:10     | 11395 ||| FLEEEEING.
 11396 | D:10     | 11396 ||| FLEEEEING.
 11397 | D:10     | 11397 ||| FLEEEEING.
 11398 | D:10     | 11398 ||| FLEEEEING.
 11399 | D:10     | 11399 ||| FLEEEEING.
 11400 | D:10     | 11400 ||| FLEEEEING.
 11401 | D:10     | 11401 ||| FLEEEEING.
 11402 | D:10     | 11402 ||| FLEEEEING.
 11403 | D:10     | 11403 ||| FLEEEEING.
 11404 | D:10     | 11404 ||| FLEEEEING.
 11405 | D:10     | 11405 ||| FLEEEEING.
 11406 | D:10     | 11406 ||| FLEEEEING.
 11407 | D:10     | 11407 ||| FLEEEEING.
 11408 | D:10     | 11408 ||| FLEEEEING.
 11409 | D:10     | 11409 ||| FLEEEEING.
 11410 | D:10     | 11410 ||| STAIRDANCE
 11514 | D:9      | 11514 ||| DROPPING amulet "Lowev" {+Inv Regen+ Str-4 Int+6
                  | Dex+3}.
 11515 | D:9      | 11515 ||| UPGRADING to amulet of reflection.
 11525 | D:9      | 11525 ||| DROPPING amulet of guardian spirit.
 11526 | D:9      | 11526 ||| UPGRADING to ring of Poaqoopi {rC++ rCorr Dex-3
                  | SInv Stlth+}.
 11539 | D:10     | 11539 ||| STAIRDANCE
 11662 | D:10     | 11662 ||| STAIRDANCE
 11737 | D:10     | 11737 ||| FLEEEEING.
 11745 | D:10     | 11745 ||| FLEEEEING.
 11746 | D:10     | 11746 ||| FLEEEEING.
 11747 | D:10     | 11747 ||| FLEEEEING.
 11748 | D:10     | 11748 ||| Stepping ~*~*~tactically~*~*~ (hiding).
 11794 | D:10     | Found Zin's Purification Station.
 11798 | D:10     | Found a glowing silver altar of Zin.
 11803 | D:10     | 11803 ||| SHOPLISTING potion of curing (90 gold, have 76).
 11822 | D:10     | Found Ferujim's Magic Scroll Boutique.
 11830 | D:10     | 11830 ||| BUYING scroll of identify (24 gold).
 11830 | D:10     | Bought a scroll of identify for 24 gold pieces
 11830 | D:10     | 11830 ||| BUYING scroll of identify (24 gold).
 11830 | D:10     | Bought a scroll of identify for 24 gold pieces
 11830 | D:10     | 11830 ||| BUYING scroll of identify (24 gold).
 11830 | D:10     | Bought a scroll of identify for 24 gold pieces
 11902 | D:10     | Found Cabbayfe's Jewellery Boutique.
 11910 | D:10     | 11910 ||| SHOPLISTING +4 ring of slaying (1092 gold, have
                  | 31).
 11910 | D:10     | 11910 ||| SHOPLISTING ring of poison resistance (280 gold,
                  | have 31).
 11910 | D:10     | 11910 ||| SHOPLISTING ring of protection from cold (350
                  | gold, have 31).
 11936 | D:10     | 11936 ||| Stepping ~*~*~tactically~*~*~ (stealth).
 11940 | D:10     | 11940 ||| FLEEEEING.
 11941 | D:10     | 11941 ||| FLEEEEING.
 11942 | D:10     | 11942 ||| FLEEEEING.
 11943 | D:10     | 11943 ||| FLEEEEING.
 11944 | D:10     | 11944 ||| FLEEEEING.
 11945 | D:10     | 11945 ||| FLEEEEING.
 11946 | D:10     | 11946 ||| FLEEEEING.
 11947 | D:10     | 11947 ||| FLEEEEING.
 11948 | D:10     | 11948 ||| FLEEEEING.
 11964 | D:10     | 11964 ||| FLEEEEING.
 11965 | D:10     | 11965 ||| FLEEEEING.
 11985 | D:10     | 11985 ||| FLEEEEING.
 11986 | D:10     | 11986 ||| FLEEEEING.
 11987 | D:10     | 11987 ||| FLEEEEING.
 11988 | D:10     | 11988 ||| FLEEEEING.
 12000 | D:10     | 12000 ||| FLEEEEING.
 12001 | D:10     | 12001 ||| FLEEEEING.
 12018 | D:10     | 12018 ||| FLEEEEING.
 12019 | D:10     | 12019 ||| FLEEEEING.
 12020 | D:10     | 12020 ||| FLEEEEING.
 12021 | D:10     | 12021 ||| STAIRDANCE
 12282 | D:11     | Reached skill level 17 in Axes
 12504 | D:11     | 12504 ||| Stepping ~*~*~tactically~*~*~ (hiding).
 12568 | D:11     | 12568 ||| FLEEEEING.
 12569 | D:11     | 12569 ||| FLEEEEING.
 12570 | D:11     | 12570 ||| FLEEEEING.
 12572 | D:11     | 12572 ||| FLEEEEING.
 12576 | D:11     | 12576 ||| FLEEEEING.
 12683 | D:11     | 12683 ||| FLEEEEING.
 12684 | D:11     | 12684 ||| FLEEEEING.
 12685 | D:11     | 12685 ||| FLEEEEING.
 12686 | D:11     | 12686 ||| FLEEEEING.
 12706 | D:11     | 12706 ||| FLEEEEING.
 12707 | D:11     | 12707 ||| FLEEEEING.
 12708 | D:11     | 12708 ||| FLEEEEING.
 12709 | D:11     | 12709 ||| FLEEEEING.
 12710 | D:11     | 12710 ||| FLEEEEING.
 12711 | D:11     | 12711 ||| STAIRDANCE
 12752 | D:10     | 12752 ||| FLEEEEING.
 12753 | D:10     | 12753 ||| FLEEEEING.
 12754 | D:10     | 12754 ||| STAIRDANCE
 12980 | D:11     | 12980 ||| Stepping ~*~*~tactically~*~*~ (hiding).
 13002 | D:11     | 13002 ||| Stepping ~*~*~tactically~*~*~ (hiding).
 13268 | D:11     | Identified the +7 great sword of Attuon {vorpal, rCorr}
 13314 | D:11     | 13314 ||| PLANNING LAIR
 13314 | D:11     | 13314 ||| DROPPING ring of magical power.
 13370 | Lair:1   | Entered Level 1 of the Lair of Beasts
 13372 | Lair:1   | 13372 ||| Stepping ~*~*~tactically~*~*~ (stealth).
 13396 | Lair:1   | HP: 16/102 [elephant (12)]
 13397 | Lair:1   | 13397 ||| READING 5 scrolls of teleportation.
 13397 | Lair:1   | Slain by an elephant

Levels and vault maps discovered:
D:1:      evilmike_arrival_come_back, layout_loops_corners,
          hellmonk_ecumenical_altar_dog_temple
D:2:      minmay_spotlight, layout_basic, st_stairs_13, corexii_hall_statues_x,
          chequers_jeans, nicolae_eternal_life, minmay_heptomino_h4
D:3:      layout_basic, nicolae_overflow_two_pavilions
D:4:      layout_loops_ring, kennysheep_mini, minmay_temple_entry_overgrown,
          uniq_edmund
D:5:      layout_loops_ring, grunt_qazlal_sundering, portal_sewer_entry_d
D:6:      gammafunk_wand_slinger, layout_rooms, uniq_menkaure
D:7:      layout_basic, mainiacjoe_overflow_tiny_flanked,
          amcnicky_mini_corridor_feature, grunt_ministairs_8, uniq_pikel
D:8:      layout_layer_cave, mainiacjoe_overflow_six_doors_small,
          mainiacjoe_overflow_boulevard
D:9:      layout_roguey, nicolae_uskayaw_murder_on_the_dancefloor,
          grunt_lair_entry_orc_guard_hut, zombieorc2_lemuel,
          ebering_ghost_funeral_grove, uniq_maggie
D:10:     layout_basic, zin_purify, serial_shops, shop, shop,
          nicolae_shop_bloodbath_and_beyond, shop, minmay_chambers_of_fives
D:11:     layout_rooms
Temple:   hellmonk_temple_divided_pantheon
Lair:1:   layout_regular_city, lemuel_oklob_altar, grunt_megastairs_2

Skill      XL: |  1  2  3  4  5  6  7  8  9 10 11 |
---------------+----------------------------------+-----
Axes           | 3 4 5 6 7 8 10 12 14 16 17 | 17.1
Dodging        | 1 3 |  3.2
Fighting       | 4 5 6 8 9 11 | 11.1
Armour         | 4 5 6 7 |  7.6
Shields        | 4 5 6 7 |  7.3
Throwing       | 1 2 |  2.0

Action                   |  1- 3 |  4- 6 |  7- 9 | 10-12 || total
-------------------------+-------+-------+-------+-------++-------
Melee: War axe           |    83 |    74 |   288 |   269 ||   714
       Headbutt          |     8 |     8 |    51 |    54 ||   121
Throw: Boomerang         |       |       |     5 |    65 ||    70
Invok: Sacrifice Artific |       |       |     1 |       ||     1
       Reject Sacrifices |       |       |       |     1 ||     1
  Use: Scroll            |     6 |     5 |     7 |     7 ||    25
       Potion            |     1 |     5 |     2 |       ||     8
 Stab: Distracted        |       |       |       |     2 ||     2
Armor: Scale mail        |    37 |     4 |       |       ||    41
       Chain mail        |       |    16 |   117 |    90 ||   223
Dodge: Dodged            |    34 |    28 |    93 |    88 ||   243
Block: Buckler           |    20 |    12 |    41 |    75 ||   148
       Reflection        |       |       |       |     3 ||     3

Table legend:
 A = Non-vault XP
 B = Vault XP
 C = Vault XP percentage of total XP
 D = Non-vault monster count
 E = Vault monster count
 F = Vault count percentage of total count
                 A         B        C        D         E       F
            +---------+---------+-------+---------+---------+-------
      Total |   14197 |    4757 |  25.1 |     206 |      63 |  23.4
            +---------+---------+-------+---------+---------+-------
        D:1 |      49 |       4 |   7.5 |      24 |       2 |   7.7
        D:2 |      58 |      27 |  31.8 |      10 |       6 |  37.5
        D:3 |     160 |       0 |   0.0 |       9 |       0 |   0.0
        D:4 |     324 |     166 |  33.9 |      23 |       1 |   4.2
        D:5 |    1424 |      13 |   0.9 |      17 |       1 |   5.6
        D:6 |    1074 |     779 |  42.0 |      30 |       2 |   6.2
        D:7 |    1197 |     329 |  21.6 |      28 |       5 |  15.2
        D:8 |     435 |       0 |   0.0 |      18 |       0 |   0.0
        D:9 |    1022 |    1738 |  63.0 |      14 |      41 |  74.5
       D:10 |    3146 |    1701 |  35.1 |      16 |       5 |  23.8
       D:11 |    2415 |       0 |   0.0 |      10 |       0 |   0.0
     Lair:1 |    2893 |       0 |   0.0 |       7 |       0 |   0.0
            +---------+---------+-------+---------+---------+-------
